 Dungeon Crawl Stone Soup version 0.31-a0-1118-gbca3d03946 (webtiles) character file.

Game seed: 5736922478503213549

1430 inmateoo the Sneak (level 8, -10/36 HPs)
             Began as a Felid Shapeshifter on Dec 4, 2023.
             Was an Initiate of Yredelemnul.
             Mangled by a gnoll sergeant
             ... wielding a +0 spear
              (12 damage)
             ... on level 7 of the Dungeon.
             The game lasted 00:09:26 (4293 turns).

inmateoo the Sneak (Felid Shapeshifter)             Turns: 4293, Time: 00:09:27

Health: -10/36     AC:  2    Str: 14    XL:     8   Next: 44%
Magic:  0/12       EV: 18    Int: 16    God:    Yredelemnul [......]
Gold:   218        SH:  0    Dex: 17    Spells: 8/11 levels left
                                        Lives:  0   Deaths: 3

rFire   . .          .
                       - Unarmed
rCold   . . .        (shield unavailable)
rNeg    + . .        (body armour unavailable)
rPois   .            (helmet unavailable)
rElec   .            (cloak unavailable)
rCorr   .            (gloves unavailable)
SInv    +            (boots unavailable)
Will    +....        n - amulet of guardian spirit
Stlth   ++++         o - +6 ring of intelligence
HPRegen 0.26/turn    k - ring of positive energy
MPRegen 0.13/turn

%: guardian spirit
@: beast-form, quick
A: beast (slay +3), very small, claws 1, fangs 3, see invisible, speed 1, shaggy
fur 2, stealthy paws, no weapons or thrown items, no armour, multi-lived, strong
1, inability to read after injury 1, MP-powered wands
a: Begin Untransformation, Renounce Religion, Recall Undead Harvest


You were on level 7 of the Dungeon.
You worshipped Yredelemnul.
Yredelemnul was noncommittal.
You were a hulking beast.
You visited 2 branches of the dungeon, and saw 9 of its levels.

You collected 251 gold pieces.
You spent 33 gold pieces at shops.

Inventory:

Jewellery
 k - a ring of positive energy (right paw)
 n - an amulet of guardian spirit (around neck)
 o - a +6 ring of intelligence (left paw)
Talismans
 b - a beast talisman (active)
 c - a flux talisman
Wands
 a - a wand of flame (43) (quivered)
 s - a wand of roots (5)
Scrolls
 e - 4 scrolls of teleportation
 f - a scroll of immolation
 g - a scroll of vulnerability
 j - 3 scrolls of amnesia
Potions
 d - a potion of brilliance {unknown}
 h - 3 potions of mutation
 i - 2 potions of might {unknown}
 m - a potion of degeneration {unknown}
 r - a potion of ambrosia {unknown}


   Skills:
 - Level 4.0 Fighting
 - Level 4.0 Dodging
 - Level 7.0 Stealth
 + Level 5.8 Unarmed Combat
 - Level 2.0 Spellcasting
 - Level 2.0 Ice Magic
 + Level 6.0 Shapeshifting


You had 8 spell levels left.
You knew the following spells:

 Your Spells              Type           Power      Damage    Failure   Level
a - Ozocubu's Armour      Ice            8%         N/A       26%         3

Your spell library contained the following spells:

 Spells                   Type           Power      Damage    Failure   Level
 Summon Small Mammal      Summ           4%         N/A       21%         1
 Call Canine Familiar     Summ           1%         N/A       52%         3
 Sigil of Binding         Hex            1%         N/A       52%         3
 Summon Guardian Golem    Hex/Summ       1%         N/A       52%         3
 Leda's Liquefaction      Hex/Erth       0%         N/A       90%         4
 Ozocubu's Refrigeration  Ice            4%         4d8       100%        7
 Dimensional Bullseye     Hex/Tloc       Unusable   N/A       N/A         4

Dungeon Overview and Level Annotations

Branches:
Dungeon (8/15)             Temple (1/1) D:5
   Lair: D:8-11

Altars:
Ashenzari
Cheibriados
Elyvilon
Fedhas
Nemelex Xobeh
Qazlal
Ru
Sif Muna
Trog
Uskayaw
Vehumet
Wu Jian
Xom
Yredelemnul
Zin
The Shining One

Shops:
D:4 *

Portals:
Bailey: D:7

Annotations:
D:4 exclusion: black bear
D:7 Jeremiah


Innate Abilities, Weirdness & Mutations

You are a hulking beast.
Your limbs bulge with bestial killing power. (Slay +3)
You have sharp claws.
You have razor-sharp teeth.
You have supernaturally acute eyesight. (SInv)
You cover ground quickly. (Speed+)
You are covered in thick fur. (AC +2)
Your paws help you pounce on unaware monsters.
You are incapable of wielding weapons or throwing items.
You cannot wear armour.
You gain extra lives every three experience levels.
Your muscles are strong. (Str +4, Int/Dex -1)
You occasionally lose the ability to read scrolls when taking damage.
You expend magic power (3 MP) to strengthen your wands.


Message History

Found 13 gold pieces.
Your gnoll zombie barely misses the goblin.
You claw the goblin!
You kill the goblin!
You hear the creaking of a portcullis.
Your gnoll zombie barely misses the goblin.
You claw the goblin!
You kill the goblin!
The dead are walking!
The gnoll barely misses you.
Your gnoll zombie hits the gnoll.
You see here 4 boomerangs.
The gnoll hits your goblin zombie with a +0 club!
Your goblin zombie is destroyed!
You see here a smoky sapphire potion.
i - 2 smoky sapphire potions (gained 1)
Your gnoll zombie hits the gnoll.
The gnoll hits you with a +0 flail.
Your gnoll zombie hits the gnoll.
The gnoll hits you with a +0 club.
The gnoll sergeant hits you from afar with a +0 spear!
* * * LOW HITPOINT WARNING * * *
The gnoll hits your gnoll zombie with a +0 club.
The gnoll sergeant hits your gnoll zombie with a +0 spear!
Your gnoll zombie is destroyed!
You feel much better. The gnoll completely misses you.
The gnoll sergeant hits you from afar with a +0 spear!
You scratch the gnoll. You bite the gnoll.
The gnoll is heavily wounded.
The gnoll hits you with a +0 club.
The gnoll sergeant hits you from afar with a +0 spear!
* * * LOW HITPOINT WARNING * * *
Okay, then.
Okay, then.
The gnoll closely misses you.
The gnoll sergeant hits you from afar with a +0 spear.
* * * LOW HITPOINT WARNING * * *
The gnoll misses you. The gnoll attacks as it pursues you!
The gnoll misses you.
The gnoll sergeant hits you from afar with a +0 spear!
You die...
Your body rises from the dead as a mindless zombie.

.##...g#.......#
#####g.#.≈≈~≈≈.#
# #..#.≈...≈.#
#..#.~.∩.~.####
#)...≈.>.≈gg..#
#..#.≈≈~≈≈.g..#
#.........g#.g#
##.#.#.#(..gg$#
#.g...#.#.#h##
###.###)#.#.#
#.g.()#...#
###########


You could see a gnoll sergeant and 5 gnolls.

Vanquished Creatures
  Sigmund (D:4)
  A water moccasin (D:8)
  3 black bears
  2 sky beasts (D:7)
  2 centaurs (D:4)
  2 bullfrogs
  A scorpion (D:5)
  A gnoll sergeant (D:7)
  A howler monkey (D:4)
  A hound (D:5)
  An orc priest (D:4)
  An iguana (D:5)
  A sleepcap (D:4)
  An orc wizard (D:3)
  3 gnolls (D:7)
  3 adders
  A white imp (D:7)
  A worm (D:3)
  2 dart slugs
  8 orcs
  3 bats
  4 endoplasms
  2 giant cockroaches
  11 goblins
  7 hobgoblins
  A quokka (D:3)
  4 ball pythons
  A frilled lizard (D:3)
  5 kobolds
  6 rats
81 creatures vanquished.

Vanquished Creatures (others)
  A bullfrog zombie (D:7)
  A gnoll zombie (D:7)
  2 goblin zombies (D:7)
  An orc zombie (D:7)
5 creatures vanquished.

Grand Total: 86 creatures vanquished

Notes
Turn   | Place    | Note
-------+----------+-------------------------------------------
     0 | D:1      | inmateoo the Felid Shapeshifter began the quest for the
                  | Orb.
     0 | D:1      | Reached XP level 1. HP: 9/9 MP: 2/2
   299 | D:1      | Reached skill level 1 in Stealth
   299 | D:1      | Reached XP level 2. HP: 12/12 MP: 3/3
   928 | D:2      | Found a faded altar of an unknown god.
  1705 | D:3      | Reached XP level 3. HP: 15/15 MP: 4/4
  1789 | D:3      | Found a sacrificial altar of Ru.
  1866 | D:3      | Found a shimmering blue altar of Sif Muna.
  2185 | D:3      | Reached skill level 2 in Stealth
  2185 | D:3      | Reached XP level 4. HP: 12/19 MP: 5/5
  2306 | D:4      | Noticed a black bear
  2375 | D:4      | Learned a level 3 spell: Ozocubu's Armour
  2429 | D:4      | Noticed a centaur
  2447 | D:4      | Shot with an arrow by a centaur
  2468 | D:4      | Killed from afar by an orc priest
  2585 | D:4      | Reached skill level 1 in Spellcasting
  2585 | D:4      | Reached XP level 5. HP: 22/22 MP: 7/7
  2731 | D:4      | Found a glowing golden altar of the Shining One.
  2844 | D:4      | Killed a centaur
  2845 | D:4      | Reached skill level 3 in Stealth
  2845 | D:4      | Reached skill level 1 in Ice Magic
  2845 | D:4      | Gained mutation: You are covered in thick fur. (AC +2)
                  | [Felid growth]
  2845 | D:4      | Reached XP level 6. HP: 20/27 MP: 7/9
  2885 | D:4      | Noticed Sigmund
  2895 | D:4      | Killed Sigmund
  3122 | D:4      | Found Josuemm's General Store.
  3130 | D:4      | Bought a scroll of teleportation for 33 gold pieces
  3159 | D:4      | Gained mutation: You occasionally lose the ability to read
                  | scrolls when taking damage. [potion of mutation]
  3159 | D:4      | Gained mutation: You have hidden genetic potential. [potion
                  | of mutation]
  3238 | D:4      | Reached skill level 4 in Stealth
  3352 | D:5      | Entered Level 5 of the Dungeon
  3392 | D:5      | Reached XP level 7. HP: 23/31 MP: 7/11
  3539 | D:5      | Gained mutation: You expend magic power (3 MP) to
                  | strengthen your wands. [hidden potential]
  3630 | D:5      | Reached skill level 5 in Stealth
  3743 | D:5      | Reached skill level 5 in Shapeshifting
  3782 | D:5      | Found a staircase to the Ecumenical Temple.
  3813 | Temple   | Entered the Ecumenical Temple
  3846 | Temple   | Became a worshipper of Yredelemnul the Dark
  3903 | D:5      | You fall into a shaft and drop 3 floors!
  3903 | D:8      | Found an ornate altar of the Wu Jian Council.
  3922 | D:8      | Reached skill level 5 in Unarmed Combat
  4047 | D:7      | Reached XP level 8. HP: 22/36 MP: 6/12
  4050 | D:7      | Reached skill level 6 in Stealth
  4066 | D:7      | HP: 1/54 [steam dragon/ball of steam (12)]
  4068 | D:7      | Slain by a steam dragon
  4080 | D:7      | Noticed Jeremiah
  4094 | D:7      | Gained mutation: Your muscles are strong. (Str +4, Int/Dex
                  | -1) [hidden potential]
  4094 | D:7      | Lost mutation: You have hidden genetic potential. [hidden
                  | potential expressed]
  4236 | D:7      | Found a flagged portal.
  4261 | D:7      | Reached skill level 7 in Stealth
  4293 | D:7      | Mangled by a gnoll sergeant

Illustrated notes

Levels and vault maps discovered:
D:1:      dpeg_arrival_court, layout_loops_ring, grunt_decor_mini_mirrors,
          minmay_crystal_room
D:2:      layout_basic, ebering_ecumenical_altar_petrified, minmay_pentomino_x2
D:3:      layout_rooms, nicolae_sif_muna_condensation, nicolae_ru_awakened_eye
D:4:      layout_loops_ring, mainiacjoe_overflow_surrounded_room, serial_shops,
          shop, minmay_manual_mares, uniq_sigmund
D:5:      layout_basic, minmay_temple_entry_wispy, serial_aquarium,
          aquarium_bridge_square [aquarium_subvault_bridge,
          aquarium_subvault_bridge, aquarium_subvault_window,
          aquarium_subvault_window], aquarium_bridge_long_separate
          [aquarium_subvault_bridge, aquarium_subvault_bridge,
          aquarium_subvault_wall, aquarium_subvault_wall,
          aquarium_subvault_bridge, aquarium_subvault_wall], aquarium_window_1,
          aquarium_window_fake, aquarium_window_1, aquarium_window_2,
          aquarium_view_2a, aquarium_view_2d
D:6:      layout_loops_corners, uniq_crazy_yiuf_cottage
D:7:      layout_basic, enter_bailey_5, uniq_jeremiah
D:8:      regret_index_malice_mire, layout_basic, kiku_gazebo_garden_becter,
          nicolae_wu_jian_immortal_techniques, kennysheep_diamond, st_stairs_12
Temple:   nicolae_temple_hex_pool

Skill      XL: |  1  2  3  4  5  6  7  8 |
---------------+-------------------------+-----
Stealth        | 1 2 3 4 5 7 |  7.0
Dodging        | 3 4 |  4.0
Fighting       | 2 3 4 |  4.0
Spellcasting   | 1 2 |  2.0
Ice Magic      | 1 2 |  2.0
Shapeshifting  | 4 5 6 |  6.0
Unarmed Combat | 4 5 |  5.8

Action                     |  1- 3 |  4- 6 |  7- 9 || total
---------------------------+-------+-------+-------++-------
  Melee: Unarmed           |    82 |    70 |   100 ||   252
         Bite              |     6 |     6 |    16 ||    28
         Punch             |     1 |     3 |     2 ||     6
  Evoke: Wand              |       |       |     7 ||     7
    Use: Scroll            |     6 |     3 |     1 ||    10
         Potion            |       |     4 |     7 ||    11
   Stab: Sleeping          |     4 |       |     1 ||     5
 Armour: Skin              |    21 |    55 |    68 ||   144
  Dodge: Dodged            |    47 |    66 |   120 ||   233
   Form: Beast             |     1 |       |       ||     1

Table legend: (Time is in decaauts)
 A = Elapsed time spent in this place.
 B = Non-inter-level travel time spent in this place.
 C = Inter-level travel time spent in this place.
 D = Time resting spent in this place.
 E = Time spent auto-exploring this place.
 F = Levels seen in this place.
 G = Mean time per level.
                   A        B        C        D        E       F      G
               +--------+--------+--------+--------+--------+-----+--------+
         Total |   3622 |   3442 |    180 |    562 |   1827 |   9 |  402.4 |
       Dungeon |   3571 |   3438 |    133 |    562 |   1827 |   8 |  446.4 |
        Temple |     51 |      5 |     46 |      0 |      0 |   1 |   51.0 |
               +--------+--------+--------+--------+--------+-----+--------+

Top non-repeatable levels by time:
     D:4: 807 daAuts
     D:2: 679 daAuts
     D:1: 666 daAuts
     D:3: 647 daAuts
     D:5: 432 daAuts
     D:7: 211 daAuts
     D:8: 124 daAuts
  Temple: 51 daAuts
     D:6: 1 daAuts
